 Dungeon Crawl Stone Soup version 0.30-a0-540-g0af01429fa (webtiles) character file.

Game seed: 2102835399862186079

51968 Lorrdernie the Worldbinder (level 14, -3/51 HPs)
             Began as a Felid Summoner on Dec 25, 2022.
             Was an Initiate of Gozag.
             Slain by a bunyip (31 damage)
             ... on level 4 of the Swamp.
             The game lasted 01:53:33 (39689 turns).

Lorrdernie the Worldbinder (Felid Summoner)        Turns: 39689, Time: 01:53:33

Health: -3/51      AC:  3    Str:  4    XL:     14   Next: 25%
Magic:  2/31       EV: 31    Int: 22    God:    Gozag
Gold:   1673       SH:  5    Dex: 19    Spells: 7/37 levels left
                                        Lives:  0   Deaths: 4

rFire   . . .      SeeInvis +      - Unarmed
rCold   + . .      Faith    .    (shield unavailable)
rNeg    . . .      Spirit   .    (body armour unavailable)
rPois   +          Reflect  +    (helmet unavailable)
rElec   .          Harm     .    (cloak unavailable)
rCorr   .          Rampage  .    (gloves unavailable)
Will    ++...                    (boots unavailable)
Stlth   ++++                     z - amulet of reflection
HPRegen 0.28/turn                F - ring of poison resistance
MPRegen 0.22/turn                h - +4 ring of evasion

@: forested, gold aura, quick
A: very small, claws 1, fangs 3, see invisible, speed 1, shaggy fur 3, stealthy
paws, no weapons or thrown items, no armour, multi-lived
a: Renounce Religion, Potion Petition, Call Merchant, Bribe Branch


You were on level 4 of the Swamp.
You worshipped Gozag.
Gozag was most pleased with you.
You visited 5 branches of the dungeon, and saw 26 of its levels.
You also visited: Bailey, Gauntlet and Ice Cave.

You collected 9526 gold pieces.
You spent 2602 gold pieces at shops.
You paid 5251 gold pieces to Gozag.

Inventory:

Jewellery
 h - a +4 ring of evasion (right paw)
 n - a ring of magical power
 u - a ring of resist corrosion
 y - a ring of wizardry
 z - an amulet of reflection (around neck)
 D - the ring of the Morning {*Slow rN+ Str+2 Int+4 Dex+5}
   (You found it in a Gauntlet)

   [ring of positive energy]

   Str:       It affects your strength (+2).
   Int:       It affects your intelligence (+4).
   Dex:       It affects your dexterity (+5).
   rN:        It protects you from negative energy.
   *Slow:     It may slow you when you take damage.
 F - a ring of poison resistance (left paw)
 K - a +6 ring of intelligence
 L - the ring of Zosett {rPois rF+ rC- Str+5 Dex+8}
   (You bought it in a shop on level 2 of the Orcish Mines)

   [ring of protection from fire]

   Str:       It affects your strength (+5).
   Dex:       It affects your dexterity (+8).
   rF:        It protects you from fire.
   rC:        It makes you vulnerable to cold.
   rPois:     It protects you from poison.
 N - a ring of ice
Wands
 d - a wand of paralysis (4)
 i - a wand of flame (29)
 o - a wand of light (14)
 B - a wand of digging (4)
 M - a wand of iceblast (7)
Scrolls
 g - 5 scrolls of fear
 j - 4 scrolls of teleportation
 m - 4 scrolls of fog
 v - 7 scrolls of immolation
 w - 6 scrolls of amnesia
 A - 4 scrolls of magic mapping
 G - 3 scrolls of vulnerability
 H - a scroll of poison
 I - 7 scrolls of identify
 J - 3 scrolls of blinking
Potions
 a - 3 potions of magic
 b - 6 potions of curing
 c - 2 potions of ambrosia
 e - 4 potions of brilliance
 f - 6 potions of mutation
 k - 4 potions of heal wounds
 l - 3 potions of might
 r - 4 potions of flight
 s - 6 potions of haste
 t - a potion of cancellation
 x - 2 potions of lignification
 C - 3 potions of resistance
 E - 2 potions of invisibility
 O - 2 potions of attraction {unknown}
Miscellaneous
 q - a condenser vane (inert)


   Skills:
 + Level 12.8 Dodging
 - Level 8.0 Stealth
 + Level 3.4 Unarmed Combat
 - Level 12.0 Spellcasting
 - Level 5.0 Hexes
 - Level 21.0 Summonings
 - Level 12.0 Translocations
 * Level 5.6 Transmutations
 - Level 8.0 Ice Magic
 - Level 8.0 Air Magic


You had 7 spell levels left.
You knew the following spells:

 Your Spells              Type           Power      Damage    Failure   Level
a - Summon Small Mammal   Summ           100%       N/A       0%          1
b - Call Imp              Summ           81%        N/A       0%          2
c - Call Canine Familiar  Summ           81%        N/A       0%          3
d - Summon Guardian Gole  Hex/Summ       63%        N/A       1%          3
e - Summon Lightning Spi  Summ/Air       67%        N/A       1%          4
f - Summon Forest         Summ/Tloc      36%        N/A       1%          5
g - Summon Hydra          Summ           40%        N/A       1%          7
h - Blink                 Tloc           100%       N/A       1%          2
i - Ozocubu's Armour      Ice            48%        N/A       1%          3

Your spell library contained the following spells:

 Spells                   Type           Power      Damage    Failure   Level
 Freeze                   Ice            100%       1d10      1%          1
 Sting                    Tmut/Pois      100%       1d8       1%          1
 Momentum Strike          Conj/Tloc      78%        3d10      1%          2
 Poisonous Vapours        Pois/Air       60%        N/A       1%          2
 Confusing Touch          Hex            35%        N/A       1%          3
 Frozen Ramparts          Ice            96%        1d15      1%          3
 Lesser Beckoning         Tloc           100%       N/A       1%          3
 Tukima's Dance           Hex            35%        N/A       1%          3
 Airstrike                Air            24%        2d(4-20)  1%          4
 Manifold Assault         Tloc           60%        N/A       1%          4
 Passage of Golubria      Tloc           60%        N/A       1%          4
 Cigotuvi's Dreadful Rot  Necr/Pois/Air  48%        N/A       2%          2
 Passwall                 Tmut/Erth      20%        N/A       2%          2
 Hailstorm                Conj/Ice       30%        3d8       2%          3
 Ice Form                 Ice/Tmut       43%        N/A       3%          4
 Kiss of Death            Conj/Necr      52%        2d9       4%          1
 Magic Dart               Conj           52%        1d5       4%          1
 Sandblast                Erth           26%        2d8       4%          1
 Mephitic Cloud           Conj/Pois/Air  24%        N/A       4%          3
 Spider Form              Tmut/Pois      25%        N/A       4%          3
 Dazzling Flash           Conj/Hex       48%        N/A       5%          3
 Inner Flame              Hex/Fire       24%        N/A       5%          3
 Dispersal                Tloc           30%        N/A       5%          6
 Ignite Poison            Fire/Tmut/Pois 21%        N/A       7%          3
 Searing Ray              Conj           26%        2d5       8%          2
 Metabolic Englaciation   Hex/Ice        20%        N/A       10%         5
 Stone Arrow              Conj/Erth      26%        3d8       14%         3
 Blade Hands              Tmut           18%        N/A       14%         5
 Yara's Violent Unravell  Hex/Tmut       18%        3d9       16%         5
 Anguish                  Hex/Necr       12%        N/A       17%         4
 Fulminant Prism          Conj/Hex       12%        3d9       17%         4
 Leda's Liquefaction      Hex/Erth       12%        N/A       17%         4
 Lightning Bolt           Conj/Air       15%        1d29      26%         5
 Dispel Undead            Necr           13%        3d9       43%         4
 Flame Wave               Conj/Fire      13%        2d6       43%         4
 Olgreb's Toxic Radiance  Pois           13%        N/A       43%         4
 Sticky Flame             Conj/Fire      13%        2d4       43%         4
 Fireball                 Conj/Fire      6%         3d5       80%         5
 Iskenderun's Battlesphe  Conj           13%        2d7       80%         5
 Lee's Rapid Deconstruct  Erth           6%         3d6*      80%         5
 Conjure Ball Lightning   Conj/Air       15%        3x3d7     82%         6
 Eringya's Noxious Bog    Tmut/Pois      12%        N/A       94%         6
 Statue Form              Tmut/Erth      16%        N/A       94%         6
 Enfeeble                 Hex            17%        N/A       99%         7
 Death Channel            Necr           6%         N/A       100%        6
 Orb of Destruction       Conj           6%         9d6       100%        7
 Disjunction              Tloc           30%        N/A       93%         8
 Ignition                 Fire           6%         3d4       100%        8
 Portal Projectile        Hex/Tloc       Unusable   N/A       N/A         3
 Simulacrum               Ice/Necr       Unusable   N/A       N/A         6

Dungeon Overview and Level Annotations

Branches:
Dungeon (14/15)            Temple (1/1) D:5            Lair (5/5) D:9
  Swamp (4/4) Lair:2       Spider (0/4) Lair:2        Slime (0/5) Lair:5
    Orc (2/2) D:12            Elf (0/3) Orc:2        Vaults (0/5) D:14
 Bailey (visited)           IceCv (visited)         Gauntlet (visited)

Altars:
Ashenzari
Cheibriados
Dithmenos
Elyvilon
Fedhas
Gozag
Hepliaklqana
Kikubaaqudgha
Makhleb
Nemelex Xobeh
Okawaru
Qazlal
Ru
Sif Muna
Trog
Uskayaw
Vehumet
Wu Jian
Xom
Yredelemnul
Zin
The Shining One

Shops:
D:10 ::   Orc:2 *?*:=(=   Swamp:2 =

Portals:
Pandemonium: Orc:2

Annotations:
D:11 exclusion: 2 ice statues
Lair:5 1 runed translucent door, exclusion: 2 oklob plants, Theoretic's ghost, journeyman DrEE
Swamp:4 Lernaean hydra


Innate Abilities, Weirdness & Mutations

You have sharp claws.
You have razor-sharp teeth.
You have supernaturally acute eyesight. (SInv)
You cover ground quickly. (Speed+)
Your thick and shaggy fur keeps you warm. (AC +3, rC+)
Your paws help you pounce on unaware monsters.
You are incapable of wielding weapons or throwing items.
You cannot wear armour.
You gain extra lives every three experience levels.


Message History

6 gold pieces; a +0 quarterstaff; a +0 robe The five-headed hydra is hit by a branch!
The bunyip claws you!! The bunyip completely misses you.
The bunyip barely misses you.
The five-headed hydra completely misses you.
The five-headed hydra barely misses you.
The five-headed hydra misses you. x2
The five-headed hydra closely misses you.
Your tyrant leech barely misses the swamp dragon.
A harpoon shot appears from out of your range of vision.
The harpoon shot hits your tyrant leech.
The five-headed hydra is hit by a branch!
The bunyip is hit by a branch!
A root smacks the five-headed hydra from below!
A root smacks the bunyip from below!
Something barely misses your dryad. Something bites your dryad!
Something completely misses your dryad. Something bites your dryad! x2
Found a sling.
Branches wave dangerously above you.
The bunyip is hit by a branch!
The swamp dragon is hit by a branch!
The five-headed hydra is hit by a branch!
The forest calms down.
The five-headed hydra barely misses your dryad.
The five-headed hydra closely misses your dryad.
The five-headed hydra bites your dryad! x2
The five-headed hydra bites your dryad. The swamp dragon bites your dryad!
Your dryad dies!
Your dryad's corpse disappears in a puff of smoke!
Your tyrant leech bites the swamp dragon.
Your tyrant leech draws strength from the swamp dragon's injuries!
A harpoon shot appears from out of your range of vision.
The harpoon shot hits your tyrant leech!
A harpoon shot appears from out of your range of vision.
The harpoon shot hits your tyrant leech.
Your tyrant leech bites the five-headed hydra!
The five-headed hydra dies!
The bunyip completely misses you. The bunyip claws you!!
Ouch! That really hurt!
You die...
Your body crumbles into a pile of gold.

♣.~~~~~~~~~~
♣~~~w~~~~~~~
♣♣~♣$.~~§~~~
♣♣~~.~~~~~~
♣♣~.D~~~~~~~
♣♣~..~~~~§~~~
♣♣~♣~.~~~~~~~~
♣..x.~~~..§~~§
♣.@~.~~~~~~~.§
~~.~)...♣.~~~~~~...
♣.~....~♣≈~..~~~~~
♣♣.~~..~♣≈♣.....~~
♣...~..≈≈≈≈≈♣~.~~~
♣♣.♣♣.≈≈≈≈≈≈♣~~~~~
♣♣ ♣♣≈≈≈≈≈≈♣ ~~~
♣♣≈≈≈


You could see a bunyip, a swamp dragon (ally target) and a friendly tyrant leech
(summoned).

Vanquished Creatures
  A deep elf pyromancer (Orc:1)
  An orc warrior (Orc:2)
  2 electric eels (D:9)
  An orc priest (Orc:2)
  A white imp (D:7)
  4 orcs
  A goblin (D:1)
  A hobgoblin (D:2)
  A quokka (D:2)
  5 bats
  2 frilled lizards
  4 rats
24 creatures vanquished.

Vanquished Creatures (collateral kills)
  Nikola (Swamp:3)
  Donald (Swamp:4)
  A fenstrider witch (Swamp:3)
  2 ghouls (Swamp:3)
  An orc warlord (Orc:1)
  Nessos (Lair:5)
  6 bunyips
  A minotaur (Gauntlet)
  5 eleionomae
  Snorg (Orc:1)
  A fire dragon (D:13)
  A great orb of eyes (D:13)
  A vault guard (D:14)
  15 hydras
  2 ghost crabs
  3 demonspawn (Orc:2)
  2 catoblepae
  6 boulder beetles
  2 centaur warriors (D:13)
  5 alligators
  A deep troll shaman (Lair:5)
  A two-headed ogre (shapeshifter) (Gauntlet)
  9 death yaks
  7 orc high priests
  A hell hog (Gauntlet)
  Nergalle (Lair:3)
  Amaemon (Lair:3)
  4 skeletal warriors (D:12)
  5 spriggan druids
  4 goliath frogs
  A deep elf archer (Orc:1)
  3 bog bodies
  A lindwurm (Lair:5)
  3 swamp dragons
  2 wizards (D:14)
  2 necromancers
  4 deep elf pyromancers
  5 manticores
  9 orc sorcerers
  A cyclops (shapeshifter) (D:14)
  8 orc knights
  An oklob plant (Lair:5)
  10 ugly things
  A cyclops (Orc:2)
  2 will-o-the-wisps
  Joseph (D:7)
  2 elephants (Lair:5)
  5 black mambas
  A cane toad (shapeshifter) (D:13)
  2 orange demons
  10 cane toads
  9 komodo dragons
  4 rime drakes
  A kobold demonologist (D:11)
  A rime drake (shapeshifter) (Gauntlet)
  An efreet (D:12)
  A freezing wraith (IceCv)
  A hellwing (Orc:2)
  An ice devil (Orc:2)
  2 tengu conjurers
  A red devil (Orc:2)
  A burning bush (Lair:1)
  5 trolls
  A troll (shapeshifter) (D:14)
  2 polar bears (Lair:5)
  4 hornets
  10 tyrant leeches
  4 dream sheep (Lair:5)
  37 blink frogs
  9 slime creatures
  2 wyverns
  A water elemental (D:13)
  4 spriggans
  A jumping spider (Lair:2)
  A vampire (D:9)
  4 shadows
  4 wraiths
  A ynoxinul (Orc:2)
  A basilisk (Lair:4)
  2 fire bats (Gauntlet)
  67 yaks
  2 steam dragons
  21 humans (D:14)
  18 vampire mosquitoes
  A redback (Lair:2)
  2 wargs (Orc:2)
  12 swamp worms
  A hell hound (Gauntlet)
  4 acid dragons
  A black bear (shapeshifter) (Gauntlet)
  21 water moccasins
  4 swamp drakes
  38 orc warriors
  2 ice beasts
  A black bear (Lair:5)
  6 ogres
  5 boggarts (D:13)
  22 wolves
  12 centaurs
  3 nameless horrors
  2 lemures (D:7)
  3 phantoms
  8 kobold brigands
  6 bullfrogs
  3 gnoll sergeants
  5 necrophages
  A scorpion (D:7)
  4 killer bees (D:9)
  4 electric eels
  3 howler monkeys
  A centaur zombie (D:4)
  A gnoll bouda (D:6)
  5 hounds
  A jelly (D:5)
  27 orc priests
  4 iguanas
  Jessica (D:2)
  17 orc wizards
  7 hell rats (Lair:5)
  A polar bear simulacrum (IceCv)
  A wolf simulacrum (IceCv)
  6 adders
  22 gnolls
  15 white imps
  2 worms
  2 dart slugs
  83 orcs
  4 endoplasms
  3 giant cockroaches
  8 hobgoblins
  7 jackals
  2 quokkas
  A ball python (D:2)
  2 bats (D:1)
  A frilled lizard (D:2)
  3 goblins
  24 kobolds
  4 rats
  A bush (Lair:2)
  A butterfly (Swamp:1)
821 creatures vanquished.

Vanquished Creatures (others)
  A death yak (Lair:5)
  A tengu warrior (D:14)
  A spriggan (Swamp:4)
  A swamp dragon (Swamp:3)
  Pikel (D:7)
  An orc knight (Bailey)
  A cane toad (Lair:1)
  2 komodo dragons
  A polar bear (Lair:1)
  A troll (D:10)
  2 bloated husks
  A hornet (Swamp:4)
  A blink frog (Lair:5)
  18 yaks
  A steam dragon (D:10)
  An orc warrior (D:10)
  An ice beast (D:6)
  2 wolves (D:9)
  An ogre (D:7)
  The ghost of innerfire433 the Trooper, an amateur DsMo (D:4)
  A kobold brigand (D:6)
  A wyvern zombie (D:4)
  3 wights (D:8)
  2 bullfrog zombies (D:4)
  An orc wizard (D:14)
  2 orcs
  A kobold (D:6)
  2 briar patches (Swamp:4)
  2 bushes (Lair:1)
  3 demonic plants (Gauntlet)
  2 foxfires (Swamp:2)
  49 fungi
  70 plants
  29 snaplasher vines
208 creatures vanquished.

Grand Total: 1053 creatures vanquished

Notes
Turn   | Place    | Note
-------+----------+-------------------------------------------
     0 | D:1      | Lorrdernie the Felid Summoner began the quest for the Orb.
     0 | D:1      | Reached XP level 1. HP: 7/7 MP: 4/4
   428 | D:1      | Reached XP level 2. HP: 11/11 MP: 3/6
   448 | D:1      | Learned a level 2 spell: Call Imp
   550 | D:1      | Found a faded altar of an unknown god.
  1187 | D:2      | Identified the +5 sling of World's End {freeze, Fragile
                  | rCorr Int+2}
  1312 | D:2      | Reached XP level 3. HP: 14/14 MP: 4/7
  1316 | D:2      | Learned a level 3 spell: Call Canine Familiar
  1379 | D:2      | Noticed Jessica
  1383 | D:2      | Killed Jessica
  1384 | D:2      | Reached skill level 5 in Summonings
  1481 | D:2      | Found a broken altar of Ashenzari.
  1818 | D:3      | Reached XP level 4. HP: 18/18 MP: 5/9
  1979 | D:3      | Identified the +1 leather armour of the Quahog {rN+ rCorr}
  2168 | D:3      | Learned a level 3 spell: Summon Guardian Golem
  3051 | D:4      | Found a broken altar of Ashenzari.
  3064 | D:4      | Reached XP level 5. HP: 21/21 MP: 4/10
  3075 | D:4      | Reached skill level 1 in Hexes
  3184 | D:4      | Found a hazy altar of Hepliaklqana.
  3313 | D:4      | Noticed a water moccasin
  3331 | D:4      | Killed a water moccasin
  3332 | D:4      | Reached skill level 6 in Summonings
  3408 | D:4      | Noticed an air elemental
  3410 | D:4      | Found a stormy altar of Qazlal.
  3414 | D:4      | Noticed a fire elemental
  3414 | D:4      | Noticed a water elemental
  3617 | D:4      | Gained mutation: You are covered in thick fur. (AC +2)
                  | [Felid growth]
  3617 | D:4      | Reached XP level 6. HP: 24/24 MP: 9/11
  3794 | D:4      | Found a runed translucent gate.
  3795 | D:4      | Found a runed translucent gate.
  3798 | D:4      | Found a runed translucent gate.
  3801 | D:4      | Noticed innerfire433's ghost (amateur DsMo)
  4576 | D:4      | Killed innerfire433's ghost
  4577 | D:4      | Reached skill level 7 in Summonings
  4577 | D:4      | Reached XP level 7. HP: 27/27 MP: 1/12
  4735 | D:4      | Identified the +4 plate armour "Fuari" {Fly rElec rF+}
  4781 | D:5      | Entered Level 5 of the Dungeon
  5294 | D:5      | Found a staircase to the Ecumenical Temple.
  5304 | Temple   | Entered the Ecumenical Temple
  5903 | D:5      | Learned a level 4 spell: Summon Lightning Spire
  5929 | D:5      | Reached skill level 5 in Hexes
  5929 | D:5      | Reached XP level 8. HP: 31/31 MP: 11/15
  5934 | D:5      | Reached skill level 8 in Summonings
  6164 | D:5      | Reached skill level 1 in Air Magic
  6618 | D:6      | Reached skill level 5 in Stealth
  6830 | D:6      | Found a glowing golden altar of the Shining One.
  7119 | D:6      | Identified the +8 falchion "Nekh" {vorpal, Str+3}
  7322 | D:6      | Reached skill level 9 in Summonings
  7329 | D:6      | Reached XP level 9. HP: 18/34 MP: 5/16
  7351 | D:6      | Reached skill level 5 in Air Magic
  7612 | D:6      | Reached skill level 10 in Summonings
  7806 | D:6      | Found a faded altar of an unknown god.
  7806 | D:6      | Found a shimmering altar of Xom.
  7813 | D:6      | Found an opulent altar of Gozag.
  7815 | D:6      | Found a white marble altar of Elyvilon.
  7857 | D:6      | Found a blossoming altar of Fedhas.
  7860 | D:6      | Became a worshipper of Gozag Ym Sagoz the Greedy
  7893 | D:7      | Noticed Joseph
  8043 | D:7      | Killed Joseph
  8257 | D:7      | Found a bloodstained altar of Trog.
  8560 | D:7      | Noticed Pikel
  8581 | D:7      | Killed Pikel
  8582 | D:7      | Reached skill level 5 in Dodging
  8582 | D:7      | Reached skill level 11 in Summonings
  8625 | D:7      | Reached XP level 10. HP: 37/37 MP: 17/17
  9820 | D:8      | Found a snail-covered altar of Cheibriados.
 10545 | D:9      | Found a staircase to the Lair.
 10827 | D:9      | Reached skill level 12 in Summonings
 11046 | D:10     | Entered Level 10 of the Dungeon
 11112 | D:10     | Reached XP level 11. HP: 40/40 MP: 13/18
 11212 | D:10     | Found a flagged portal.
 11264 | Bailey   | Entered a bailey
 11499 | Bailey   | Noticed an orc knight
 11649 | Bailey   | Killed an orc knight
 11799 | Bailey   | Found a burning altar of Makhleb.
 12143 | D:10     | Noticed an orc knight
 12158 | D:10     | Killed an orc knight
 12321 | D:10     | Found a sacrificial altar of Ru.
 12420 | D:10     | Reached skill level 5 in Spellcasting
 12589 | D:10     | Noticed a two-headed ogre
 12931 | D:10     | Found a shimmering blue altar of Sif Muna.
 12971 | D:10     | Bought a Fen Folio for 504 gold pieces
 12980 | D:10     | Learned a level 5 spell: Summon Forest
 13002 | Lair:1   | Entered Level 1 of the Lair of Beasts
 13228 | Lair:1   | Reached skill level 1 in Translocations
 13508 | Lair:1   | Reached skill level 10 in Dodging
 13519 | Lair:1   | Identified the +1 chain mail "Taasuul" {+Inv rC+ Str+3
                  | Dex-2}
 14047 | Lair:1   | Reached skill level 13 in Summonings
 14518 | Lair:2   | Found a staircase to the Swamp.
 14528 | Lair:2   | Reached skill level 5 in Translocations
 14615 | Lair:2   | Gained mutation: Your thick and shaggy fur keeps you warm.
                  | (AC +3, rC+) [Felid growth]
 14615 | Lair:2   | Reached XP level 12. HP: 44/44 MP: 15/22
 14733 | Lair:2   | Found a hole to the Spider Nest.
 15140 | Lair:2   | Learned a level 7 spell: Summon Hydra
 15262 | Lair:2   | Noticed a boulder beetle
 15285 | Lair:2   | Killed a boulder beetle
 16095 | Lair:2   | Noticed a seven-headed hydra
 16097 | Lair:2   | Reached skill level 14 in Summonings
 16101 | Lair:2   | Killed a seven-headed hydra
 16394 | Lair:3   | Noticed a five-headed hydra
 16401 | Lair:3   | Killed a five-headed hydra
 16524 | Lair:3   | Noticed a five-headed hydra
 16541 | Lair:3   | Killed a five-headed hydra
 16710 | Lair:3   | Reached skill level 15 in Summonings
 17138 | Lair:3   | Noticed Amaemon
 17143 | Lair:3   | Killed Amaemon
 17144 | Lair:3   | Reached XP level 13. HP: 47/47 MP: 14/26
 17302 | Lair:3   | Noticed Nergalle
 17307 | Lair:3   | Killed Nergalle
 18082 | Lair:4   | Reached skill level 16 in Summonings
 18082 | Lair:4   | Reached skill level 10 in Translocations
 18343 | Lair:4   | Found a frozen archway.
 18405 | IceCv    | Entered an ice cave
 18437 | IceCv    | Found a transporter.
 18522 | IceCv    | Found a transporter.
 19340 | Lair:5   | Entered Level 5 of the Lair of Beasts
 19363 | Lair:5   | Noticed Nessos
 19398 | Lair:5   | Found a sacrificial altar of Ru.
 19415 | Lair:5   | Reached skill level 17 in Summonings
 19661 | Lair:5   | Found a gate leading to a gauntlet.
 19687 | Gauntlet | Entered a Gauntlet
 19687 | Gauntlet | Found a transporter.
 19736 | Gauntlet | Found a transporter.
 19738 | Gauntlet | Found a transporter.
 19740 | Gauntlet | Found a transporter.
 19758 | Gauntlet | Found a transporter.
 19771 | Gauntlet | Found a transporter.
 19773 | Gauntlet | Noticed a quicksilver ooze
 19776 | Gauntlet | Found a transporter.
 19798 | Gauntlet | Found a transporter.
 19812 | Gauntlet | Found a transporter.
 19827 | Gauntlet | Found a transporter.
 19836 | Gauntlet | Found a transporter.
 19848 | Gauntlet | Found a transporter.
 19860 | Gauntlet | Found a transporter.
 19866 | Gauntlet | Found a transporter.
 19866 | Gauntlet | Found a transporter.
 19905 | Gauntlet | Found a transporter.
 19932 | Gauntlet | Found a transporter.
 20010 | Gauntlet | Found a transporter.
 20531 | Gauntlet | Killed from afar by a hell hog
 20532 | Gauntlet | Reached XP level 12. HP: -25/44 MP: 25/25
 20747 | Gauntlet | Killed a hell hog
 20748 | Gauntlet | Reached XP level 13. HP: 47/47 MP: 8/26
 20850 | Gauntlet | Identified the ring of the Morning {*Slow rN+ Str+2 Int+4
                  | Dex+5}
 20883 | Gauntlet | Identified the +3 quarterstaff "Beetle's Death" {flame,
                  | *Rage Fly rCorr Str+8}
 20883 | Gauntlet | Identified the +0 scale mail "Rerredet" {-Tele rF++ rCorr
                  | Dex+2}
 20883 | Gauntlet | Noticed a minotaur
 20934 | Gauntlet | HP: 1/43 [minotaur/the +3 quarterstaff "Beetle's Death"
                  | {flame, *Rage Fly rCorr Str+8} (5)]
 20950 | Gauntlet | Found the +10 tower shield of Ignorance {rN+ Int-4}
 20999 | Gauntlet | Killed a minotaur
 21034 | Gauntlet | Identified the +1 scale mail "Fibloen" {rC+}
 21038 | Gauntlet | Identified the +0 robe of Qiyxew {Dex+4}
 21133 | Lair:5   | Learned a level 2 spell: Blink
 21356 | Lair:5   | Reached skill level 18 in Summonings
 21360 | Lair:5   | Killed Nessos
 21687 | Lair:5   | Found a runed translucent door.
 21687 | Lair:5   | Noticed Theoretic's ghost (journeyman DrEE)
 22077 | Lair:5   | Reached skill level 19 in Summonings
 22642 | Lair:5   | Identified the +4 sling "Etuoxi" {flame, Fly rN+ Will+
                  | MP-9}
 22664 | Lair:5   | Killed from afar by an oklob plant
 22665 | Lair:5   | Reached XP level 12. HP: 0/44 MP: 29/34
 22726 | Lair:5   | Found a staircase to the Slime Pits.
 25026 | D:12     | Reached XP level 13. HP: 47/47 MP: 26/26
 26495 | D:12     | Found a staircase to the Orcish Mines.
 26617 | Orc:1    | Entered Level 1 of the Orcish Mines
 26627 | Orc:1    | Noticed Snorg
 26640 | Orc:1    | Killed Snorg
 26869 | Orc:2    | Entered Level 2 of the Orcish Mines
 26884 | Orc:2    | Found a staircase to the Elven Halls.
 27374 | Orc:2    | Found Xulow's Magic Scroll Shop.
 27379 | Orc:2    | Found Tathry's General Store.
 28097 | Orc:2    | Reached skill level 20 in Summonings
 29385 | Orc:2    | Reached XP level 14. HP: 45/51 MP: 11/28
 29794 | Orc:2    | Found Usedet's Jewellery Shoppe.
 29794 | Orc:2    | Found Masitwebb's Antique Weapon Emporium.
 29795 | Orc:2    | Found a one-way gate leading to the halls of Pandemonium.
 29807 | Orc:2    | Bought a book of Winter for 476 gold pieces
 29807 | Orc:2    | Bought a book of the Warp for 588 gold pieces
 29811 | Orc:2    | Learned a level 3 spell: Ozocubu's Armour
 30317 | Orc:1    | Reached skill level 1 in Ice Magic
 30588 | Orc:1    | Noticed an orc warlord
 30608 | Orc:1    | Killed an orc warlord
 31305 | D:13     | You fall into a shaft and drop 1 floor!
 31724 | D:14     | Found an iron altar of Okawaru.
 33064 | D:13     | Reached skill level 10 in Spellcasting
 33066 | D:13     | Reached skill level 21 in Summonings
 33252 | D:13     | Got the Atlas of Coarse Envenoming
 33254 | D:13     | Identified the +4 broad axe "Egun" {drain, *Noise Int+4
                  | Dex+3}
 34263 | D:14     | Reached XP level 15. HP: 54/54 MP: 13/30
 34276 | D:14     | Reached skill level 5 in Ice Magic
 34456 | D:14     | Found a gate to the Vaults.
 34462 | D:14     | Got Yxeyff's Collected Works on the Salvo
 34686 | Orc:2    | Bought the ring of Zosett {rPois rF+ rC- Str+5 Dex+8} for
                  | 734 gold pieces
 34873 | Swamp:1  | Entered Level 1 of the Swamp
 37017 | Swamp:2  | Bought a ring of poison resistance for 300 gold pieces
 37272 | Swamp:2  | Identified the +4 tower shield "Feluich" {rPois Regen+
                  | Int-4}
 37379 | Swamp:3  | Noticed Nikola
 37384 | Swamp:3  | Noticed a fenstrider witch
 37387 | Swamp:3  | Killed Nikola
 37388 | Swamp:3  | Killed a fenstrider witch
 37737 | Swamp:3  | Reached skill level 1 in Transmutations
 37752 | Swamp:3  | Reached skill level 1 in Unarmed Combat
 37893 | Swamp:3  | Slain by an alligator
 37894 | Swamp:3  | Reached XP level 14. HP: -3/51 MP: 27/31
 38293 | Swamp:3  | Noticed a ghoul
 38506 | Swamp:3  | Killed a ghoul
 38799 | Swamp:3  | Identified the +1 spear of the Whale {vorpal, Contam rElec
                  | rPois SInv}
 38984 | Swamp:4  | Entered Level 4 of the Swamp
 39060 | Swamp:4  | Reached XP level 15. HP: 38/54 MP: 13/32
 39561 | Swamp:4  | Noticed Donald
 39578 | Swamp:4  | Killed Donald
 39579 | Swamp:4  | Reached skill level 5 in Transmutations
 39592 | Swamp:4  | Noticed the 27-headed Lernaean hydra
 39605 | Swamp:4  | Noticed a thorn hunter
 39610 | Swamp:4  | Slain by a five-headed hydra
 39611 | Swamp:4  | Reached XP level 14. HP: -2/51 MP: 16/31
 39652 | Swamp:4  | Noticed a fenstrider witch
 39689 | Swamp:4  | Slain by a bunyip

Illustrated notes

Levels and vault maps discovered:
D:1:      dpeg_arrival_boxes_within_box, layout_rooms, serial_co_window_serial,
          co_window_paths_a, co_window_corner_a, co_window_paths_a,
          co_window_paths_a, co_window_paths_b, co_window_broadway_b,
          co_window_broadway_b, co_window_cross_3, co_window_4corner_b,
          glass_columns_c, glass_columns_a, glass_columns_a, glass_columns_b,
          dreamdust_ecumenical_altar_angels_and_demons,
          chequers_serial_rivers_micro_e, minmay_pentomino_q4
D:2:      layout_rooms, basic_altar, uniq_jessica
D:3:      minmay_door_path, layout_basic
D:4:      layout_layer_cave, nicolae_qazlal_style_of_elements,
          cheibrodos_ashenzari_chains, kennysheep_little_box,
          gammafunk_ghost_necromancy
D:5:      layout_cave_pools, minmay_temple_entry_sparse_star
D:6:      layout_rooms, tso_metal_star, chequers_temple_overflow_minitemple
D:7:      layout_loops_ring, kennysheep_mini_moat, kennysheep_flooded_box,
          uniq_pikel, uniq_joseph
D:8:      layout_basic, slow_altar_2
D:9:      layout_basic, erik_lair_island
D:10:     cheibrodos_orc_bank, layout_cave_pools, pf_just_have_faith,
          led_sif_pool, enter_bailey_4, minmay_misc_feat_tower
D:11:     layout_cave_pods, david_greed
D:12:     minmay_cornered_nines, layout_long_grid, hiddenorc1_lemuel
D:13:     minmay_the_grid_triangle_9x9_recursive_2_mashed
          [minmay_the_grid_triangle_9x9_prize_schism,
          minmay_the_grid_triangle_9x9_descending_squares,
          minmay_the_grid_triangle_9x9_zippers_horizontal,
          minmay_the_grid_triangle_9x9_corrupted_corridor], layout_basic
D:14:     layout_roguey, grunt_vaults_entry_tiered, okawaru_metal_pillars_3
Temple:   hellmonk_temple_flake
Lair:1:   layout_cave_pods, evilmike_ambush [evilmike_ambush_outer_corners,
          evilmike_ambush_inner_basic], grunt_megastairs_4
Lair:2:   layout_chaotic_city, minmay_swamp_entry_worms, spider_nest_entry_a,
          grunt_megastairs_1
Lair:3:   layout_cave_pods, uniq_nergalle, uniq_amaemon
Lair:4:   layout_gridlike, portal_ice_cave_entry_imps
Lair:5:   grunt_lair_end_beastmaster, layout_gridlike,
          minmay_slime_entry_oklob_enclosed, ebering_ghost_reflecting_pool,
          gauntlet_entry_generic, basic_altar, grunt_megastairs_5, uniq_nessos
Swamp:1:  layout_falls_marsh, hangedman_swamp_cone,
          nicolae_swamp_frolicking_bunyips, infiniplex_staircase_pool
Swamp:2:  layout_basic_swamp, nicolae_swamp_small_spring,
          infiniplex_staircase_pool_2
Swamp:3:  layout_basic_swamp, nicolae_swamp_feature_on_the_river_bank,
          uniq_nikola
Swamp:4:  swamp_old_school, layout_basic_swamp, swamp_pool1, uniq_donald
Orc:1:    layout_caves, basic_altar, elf_legates, uniq_snorg
Orc:2:    pf_orc_diabolical, layout_caves

Skill      XL: |  1  2  3  4  5  6  7  8  9 10 11 12 13 14 15 |
---------------+----------------------------------------------+-----
Summonings     | 5 6 7 9 11 12 13 15 20 21 | 21.0
Spellcasting   | 3 4 6 8 9 10 12 | 12.0
Stealth        | 3 4 5 6 8 |  8.0
Dodging        | 3 4 5 7 10 11 12 | 12.8
Hexes          | 2 3 5 |  5.0
Air Magic      | 4 6 8 |  8.0
Translocations | 5 8 12 | 12.0
Ice Magic      | 4 8 |  8.0
Transmutations | 4 5 |  5.6
Unarmed Combat | 2 3 |  3.4

Action                   |  1- 3 |  4- 6 |  7- 9 | 10-12 | 13-15 || total
-------------------------+-------+-------+-------+-------+-------++-------
Melee: Unarmed           |    37 |    22 |    20 |    28 |    58 ||   165
       Bite              |     5 |     2 |     6 |     2 |     3 ||    18
       Punch             |       |       |       |     1 |       ||     1
 Cast: Summon Small Mamm |    33 |    23 |     9 |     1 |     8 ||    74
       Call Imp          |    12 |    11 |    24 |    14 |     4 ||    65
       Call Canine Famil |       |    14 |    44 |    68 |    44 ||   170
       Summon Guardian G |       |     4 |    12 |    44 |    17 ||    77
       Summon Lightning  |       |       |     2 |    61 |    28 ||    91
       Summon Forest     |       |       |       |    27 |   118 ||   145
       Summon Hydra      |       |       |       |    18 |   242 ||   260
       Blink             |       |       |       |       |     6 ||     6
       Ozocubu's Armour  |       |       |       |       |     7 ||     7
Invok: Call Merchant     |       |       |       |     2 |     4 ||     6
Evoke: Wand              |       |       |       |     3 |     1 ||     4
       Condenser vane    |       |       |       |       |     2 ||     2
  Use: Scroll            |       |       |    11 |    13 |    12 ||    36
       Potion            |       |       |       |     1 |     4 ||     5
 Stab: Sleeping          |       |     1 |       |     1 |     1 ||     3
       Distracted        |       |       |       |       |     1 ||     1
Armor: Skin              |     4 |     2 |     4 |     2 |     9 ||    21
Dodge: Dodged            |    33 |    30 |    57 |   130 |   377 ||   627
Block: Other             |       |       |       |    29 |    73 ||   102
       Reflection        |       |       |       |     7 |     7 ||    14

Table legend: (Time is in decaauts)
 A = Elapsed time spent in this place.
 B = Non-inter-level travel time spent in this place.
 C = Inter-level travel time spent in this place.
 D = Time resting spent in this place.
 E = Time spent auto-exploring this place.
 F = Levels seen in this place.
 G = Mean time per level.
                   A        B        C        D        E       F      G
               +--------+--------+--------+--------+--------+-----+--------+
         Total |  36197 |  34994 |   1203 |   8360 |  19322 |  29 | 1248.2 |
       Dungeon |  17185 |  16562 |    623 |   3041 |  10045 |  14 | 1227.5 |
        Temple |    122 |    115 |      7 |      0 |    105 |   1 |  122.0 |
          Lair |   8033 |   7828 |    205 |   1769 |   4488 |   5 | 1606.6 |
         Swamp |   4597 |   4494 |    103 |   1584 |   2220 |   4 | 1149.2 |
  Orcish Mines |   4308 |   4046 |    262 |   1209 |   1991 |   2 | 2154.0 |
        Bailey |    540 |    540 |      0 |    247 |    119 |   1 |  540.0 |
      Ice Cave |    120 |    120 |      0 |     82 |      0 |   1 |  120.0 |
      Gauntlet |   1288 |   1288 |      0 |    427 |    353 |   1 | 1288.0 |
               +--------+--------+--------+--------+--------+-----+--------+

Top non-repeatable levels by time:
   Orc:2: 3127 daAuts
  Lair:5: 2309 daAuts
     D:4: 1843 daAuts
    D:13: 1839 daAuts
  Lair:2: 1833 daAuts
 Swamp:2: 1777 daAuts
    D:12: 1533 daAuts
  Lair:4: 1456 daAuts
    D:14: 1362 daAuts
     D:6: 1343 daAuts
    D:11: 1297 daAuts
Gauntlet: 1288 daAuts
  Lair:3: 1268 daAuts
    D:10: 1247 daAuts
     D:5: 1198 daAuts
